[Event "Titled Tuesday Blitz May 31 Early 2022"]
[White "Tasev, Dejan"]
[Black "Urazayev, Arystanbek"]
[WhiteFideId "936618"]
[BlackFideId "13709810"]
[WhiteElo "2253"]
[BlackElo "2422"]
[Result "0-1"]
[Round "07"]
[TimeControl "180+1"]
[Date "2022.05.31"]
[WhiteClock "0:00:21"]
[BlackClock "0:00:17"]

1. e4 c5 2. Nf3 e6 3. b3 b6 4. Bb2 Bb7 5. d3 d5 6. exd5 exd5 7. Be2 Nf6 8. O-O Bd6 9. Nbd2 O-O 10. Re1 d4 11. Nc4 Bc7 12. a4 Nc6 13. Bf1 Qd7 14. g3 Rfe8 15. Qd2 Nb4 16. Bg2 h6 17. Ba3 Nbd5 18. Rxe8+ Rxe8 19. Re1 Nc3 20. Bc1 Qd8 21. Rxe8+ Qxe8 22. Bb2 Na2 23. Qe1 Qa8 24. Nh4 Bxg2 25. Nxg2 Nb4 26. Qe2 Qe8 27. Qxe8+ Nxe8 28. Ne1 a6 29. Bc1 b5 30. axb5 axb5 31. Na3 Na2 32. Bd2 b4 33. Nc4 g5 34. g4 Nf6 35. h3 Nd5 36. Ng2 Nac3 37. Kf1 Nb5 38. Ne1 Kg7 39. Ke2 Nbc3+ 40. Bxc3 Nf4+ 41. Kf3 dxc3 42. Ne3 Nxh3 43. Nf5+ Kh7 44. d4 cxd4 45. Nxd4 Nf4 46. Ne2 Nxe2 47. Kxe2 Kg6 48. Nd3 Bd6 49. f3 h5 50. gxh5+ Kxh5 51. Kf2 Kh4 52. Kg2 f5 53. Nf2 Kh5 54. Nd3 Kg6 55. Kf2 Kf6 56. Ke3 Kg6 57. Kd4 Kh5 58. Kd5 Bf8 59. Ke6 g4 60. Kxf5 g3 61. Ne1 Kh4 62. Ke5 Kh3 63. f4 g2 64. Nf3 Kg3 65. Ke4 Kf2 66. f5 g1=Q 67. Nxg1 Kxg1 68. f6 Kf2 69. Kd3 Ke1 0-1


[Site "https://www.chess.com"]

[Event "Titled Tuesday Blitz May 31 Early 2022"]
[White "Turutin, Alexander"]
[Black "Janaszak, Dawid"]
[WhiteFideId "4180623"]
[BlackFideId "1119206"]
[WhiteElo "2402"]
[BlackElo "2199"]
[Result "1/2-1/2"]
[Round "07"]
[TimeControl "180+1"]
[Date "2022.06.01"]
[WhiteClock "0:00:09"]
[BlackClock "0:00:15"]

1. e4 c5 2. Nf3 Nc6 3. Bb5 e5 4. O-O Bd6 5. c3 a6 6. Bxc6 dxc6 7. d4 cxd4 8. cxd4 Bg4 9. dxe5 Bxf3 10. Qxd6 Bxe4 11. Qb4 Bd5 12. Qxb7 Ne7 13. Bg5 Rb8 14. Qxe7+ Qxe7 15. Bxe7 Kxe7 16. b3 Ke6 17. Re1 Rb4 18. Nc3 Rd8 19. Rad1 a5 20. f3 g5 21. Ne4 h6 22. Kf2 Ra8 23. Nc5+ Ke7 24. Rc1 h5 25. g3 Rh8 26. Rc3 Rh6 27. Nd3 Rb8 28. f4 h4 29. g4 a4 30. fxg5 Rg6 31. Nf4 Rxg5 32. Nxd5+ cxd5 33. bxa4 Rxg4 34. Ra3 Rb2+ 35. Re2 Rb6 36. a5 Ra6 37. Rb2 h3 38. Rxh3 Rxa5 39. Rf3 Ra7 40. h3 Rga4 41. Rd3 Rxa2 42. Rxa2 Rxa2+ 43. Kf3 Ke6 44. Re3 d4 45. Re4 Kd5 46. Rf4 d3 47. Ke3 d2 48. Rd4+ Kxe5 49. Rxd2 Ra3+ 50. Kf2 Rxh3 51. Rd7 f5 52. Rb7 Kf4 53. Rb4+ Kg5 54. Kg2 Re3 55. Rc4 Re4 56. Rxe4 fxe4 57. Kf2 Kf4 58. Ke2 e3 59. Ke1 Ke4 60. Ke2 Kf4 61. Ke1 Kf3 62. Kf1 e2+ 63. Ke1 Ke3 1/2-1/2


[Site "https://www.chess.com"]

[Event "Titled Tuesday Blitz May 31 Early 2022"]
[White "Turzo, Attila"]
[Black "Aradhya, Garg"]
[WhiteFideId "704954"]
[BlackFideId "25006746"]
[WhiteElo "2545"]
[BlackElo "2169"]
[Result "1/2-1/2"]
[Round "07"]
[TimeControl "180+1"]
[Date "2022.06.01"]
[WhiteClock "0:00:14"]
[BlackClock "0:00:12"]

1. d4 d5 2. Nf3 Nf6 3. c3 Bf5 4. Qb3 Qc8 5. Bf4 e6 6. c4 Nc6 7. e3 Bb4+ 8. Nc3 O-O 9. Be2 dxc4 10. Bxc4 Bd6 11. Bxd6 cxd6 12. Be2 d5 13. O-O Qd7 14. Bb5 Qd6 15. Rac1 Rfc8 16. h3 Nd7 17. Na4 Na5 18. Qd1 Nf6 19. Qe2 a6 20. Bd3 Be4 21. Nc5 Bxd3 22. Qxd3 Qb6 23. b3 Qb5 24. Ne5 Qxd3 25. Ncxd3 Kf8 26. f3 Ke7 27. Kf2 Ne8 28. Nc5 Nd6 29. Ke2 Rc7 30. Kd2 Rac8 31. g4 Nc6 32. Nxc6+ Rxc6 33. Nd3 a5 34. a4 f6 35. Rxc6 Rxc6 36. Rc1 Rxc1 37. Kxc1 b6 38. Kd2 Nf7 39. h4 Kd6 40. Kc3 e5 41. e4 dxe4 42. fxe4 exd4+ 43. Kxd4 Nd8 44. e5+ fxe5+ 45. Nxe5 Ne6+ 46. Ke4 Nc5+ 47. Kf5 Nxb3 48. Nf7+ Ke7 49. Ng5 h6 50. Ne6 g6+ 51. Ke5 Nd2 52. Nf4 Kf7 53. Nd5 Nc4+ 54. Kd4 Nd6 55. Nxb6 h5 56. Nc4 Nxc4 57. gxh5 Nb2 58. hxg6+ Kxg6 59. Kc5 Nxa4+ 60. Kb5 Nc3+ 61. Kxa5 Nd5 62. Kb5 Nf6 63. Kc5 Kh5 64. Kd4 Kxh4 1/2-1/2


[Site "https://www.chess.com"]

[Event "Titled Tuesday Blitz May 31 Early 2022"]
[White "Tymrakiewicz, Rafal"]
[Black "Dinu, Dumitru-Daniel"]
[WhiteFideId "1108832"]
[BlackFideId "1208403"]
[WhiteElo "2205"]
[BlackElo "2240"]
[Result "1-0"]
[Round "07"]
[TimeControl "180+1"]
[Date "2022.06.01"]
[WhiteClock "0:00:06"]
[BlackClock "0:00:13"]

1. d4 Nf6 2. Bg5 c6 3. Nd2 d5 4. e3 Bf5 5. Bd3 Bxd3 6. cxd3 e6 7. f4 h6 8. Bh4 Nbd7 9. Ngf3 Rc8 10. O-O Qb6 11. Qb3 Ng4 12. Bf2 Nxf2 13. Kxf2 c5 14. Qxb6 axb6 15. Rfc1 Bd6 16. Rc3 Ke7 17. Rac1 Ra8 18. a3 f6 19. Rb3 Ra6 20. Rb5 e5 21. fxe5 fxe5 22. dxc5 Nxc5 23. Ke2 Rf8 24. d4 exd4 25. exd4 Na4 26. g3 Ke6 27. Ne5 Ra5 28. Rb3 Bxe5 29. dxe5 Kxe5 30. Rc7 g5 31. Rh7 Rf6 32. Nf3+ Kd6 33. Nd4 Kc5 34. Kd3 Rf1 35. Ne6+ Kd6 36. Nd8 Nc5+ 37. Ke2 Nxb3 38. Nxb7+ Ke5 39. Nxa5 Rb1 40. Nxb3 Rxb2+ 41. Nd2 Ra2 42. Rxh6 Rxa3 43. Rxb6 Ra2 44. Kd3 Ra3+ 45. Nb3 Ra2 46. Nd2 Ra3+ 47. Rb3 Ra1 48. Ke3 Rh1 49. Nf3+ Kd6 50. Rb6+ Kc5 51. Rg6 d4+ 52. Ke4 Kc4 53. Rc6+ Kb5 54. Rc2 d3 55. Kxd3 g4 56. Nd4+ Kb4 57. Rb2+ Ka3 58. Rb3+ Ka2 59. Rb4 Ka1 60. Ne2 Rd1+ 61. Ke3 Re1 62. Rxg4 Rh1 63. h4 Rh2 64. Ra4+ Kb1 65. Rc4 Ka2 66. Rc8 Kb2 67. Kf3 Ka2 68. Nf4 Ka1 69. h5 Rh1 70. Kg4 Rf1 71. Kg5 Rh1 72. g4 Rh3 73. h6 Rh1 74. Kg6 Rh3 75. g5 Rh2 76. Nh5 Rf2 77. Nf6 Rc2 78. h7 Rxc8 79. Kg7 Rc7+ 80. Kh6 Rc8 81. Ng8 Rc6+ 82. g6 Rc1 83. h8=Q+ Kb1 84. Kg7 Rc7+ 85. Kf6 Rc6+ 86. Kf7 Rc7+ 87. Ne7 Rc1 88. Qh6 Rf1+ 89. Ke6 Re1+ 90. Kf6 Rf1+ 91. Nf5 Re1 92. Qh2 Ka1 93. Qc7 Rb1 94. Qa5+ Kb2 95. Qb4+ Ka2 96. Qxb1+ Kxb1 97. g7 Ka2 98. g8=Q+ Ka1 99. Qb8 Ka2 100. Ne3 Ka1 101. Nc4 Ka2 102. Qb2# 1-0


[Site "https://www.chess.com"]

[Event "Titled Tuesday Blitz May 31 Early 2022"]
[White "Vasquez Schroeder, Rodrigo"]
[Black "Terry, Renato"]
[WhiteFideId "3400042"]
[BlackFideId "3803457"]
[WhiteElo "2567"]
[BlackElo "2577"]
[Result "1/2-1/2"]
[Round "07"]
[TimeControl "180+1"]
[Date "2022.05.31"]
[WhiteClock "0:00:56"]
[BlackClock "0:00:06"]

1. e4 c6 2. c4 d5 3. cxd5 cxd5 4. exd5 Nf6 5. Qa4+ Nbd7 6. Nc3 g6 7. Bc4 Bg7 8. d3 O-O 9. Nf3 a6 10. Qa3 Nb6 11. Qb3 Bg4 12. Be3 Nbd7 13. a4 Bxf3 14. gxf3 Qc7 15. O-O Rac8 16. f4 Nh5 17. Ne2 Bh6 18. f5 Bxe3 19. fxe3 Ne5 20. Nf4 Ng4 21. Rae1 Nxe3 22. Rxe3 Nxf4 23. Ref3 g5 24. Qd1 Qd6 25. Rg3 f6 26. Qg4 Kh8 27. Qf3 Rg8 28. Kh1 Rb8 29. Qe4 b5 30. axb5 axb5 31. Bb3 Rbd8 32. Re1 Rg7 33. d4 Nxd5 34. Qe6 Qxe6 35. Rxe6 Nf4 36. Rb6 h5 37. d5 Nxd5 38. Rd3 Nxb6 39. Rxd8+ Kh7 40. Rb8 Nc4 41. Rxb5 Nd6 42. Rb6 g4 43. Be6 g3 44. hxg3 Rxg3 45. b4 Kh6 46. Rb8 Re3 47. b5 Re1+ 48. Kg2 Rb1 49. b6 Kg5 50. Bd5 Kxf5 51. b7 Ke5 52. Bc6 Rb2+ 53. Kf3 Rb3+ 54. Ke2 h4 55. Kd2 h3 56. Kc2 Rb6 57. Bf3 Rb5 58. Rh8 Nxb7 59. Rh5+ f5 60. Rxh3 Nd6 61. Rh4 Rc5+ 62. Kd3 e6 63. Rh6 Ra5 64. Bh5 Ra3+ 65. Ke2 Ne4 66. Bf7 Ng5 67. Bg8 Kf4 68. Rg6 Re3+ 69. Kd2 e5 70. Rxg5 Kxg5 71. Kxe3 Kf6 72. Bh7 Kg5 73. Kf3 Kf6 74. Bg8 Kg7 75. Bc4 Kg6 76. Bd3 Kf6 77. Bc2 Kg5 78. Bd3 Kf6 79. Bc2 Ke6 80. Bd3 Kf6 1/2-1/2


[Site "https://www.chess.com"]

[Event "Titled Tuesday Blitz May 31 Early 2022"]
[White "Vidit, Santosh Gujrathi"]
[Black "Skliarov, Viktor"]
[WhiteFideId "5029465"]
[BlackFideId "14106736"]
[WhiteElo "2654"]
[BlackElo "2229"]
[Result "1-0"]
[Round "07"]
[TimeControl "180+1"]
[Date "2022.05.31"]
[WhiteClock "0:00:17"]
[BlackClock "0:00:02"]

1. e4 c5 2. Nf3 Nc6 3. Bb5 e6 4. O-O Nge7 5. Re1 Nd4 6. Nxd4 cxd4 7. c3 a6 8. Bf1 Nc6 9. b4 dxc3 10. dxc3 Be7 11. Bf4 d5 12. exd5 exd5 13. a4 O-O 14. Na3 d4 15. b5 axb5 16. Nxb5 dxc3 17. Nxc3 Qxd1 18. Raxd1 Bb4 19. Re3 Bxc3 20. Rxc3 Rxa4 21. Bc7 h6 22. h3 Be6 23. Rb1 Rc8 24. Rxb7 Rb4 25. Bb6 Rb1 26. f3 Rb8 27. Rxb8+ Nxb8 28. Be3 g5 29. Kf2 Rb2+ 30. Kg3 Nd7 31. Rc8+ Kh7 32. Bd4 Rb3 33. Bc3 f5 34. Rc6 Nf8 35. Rc7+ Kg6 36. Kh2 f4 37. Bd3+ Bf5 38. Rc6+ 1-0


[Site "https://www.chess.com"]

[Event "Titled Tuesday Blitz May 31 Early 2022"]
[White "Vinod, Kumar Sharma"]
[Black "Maevsky, Nikolay"]
[WhiteFideId "5013518"]
[BlackFideId "4198220"]
[WhiteElo "2154"]
[BlackElo "2149"]
[Result "1-0"]
[Round "07"]
[TimeControl "180+1"]
[Date "2022.06.01"]
[WhiteClock "0:00:10"]
[BlackClock "0:00:12"]

1. e4 e5 2. Nf3 Nf6 3. Nxe5 Nc6 4. Nxc6 dxc6 5. f3 Nh5 6. g3 Bd6 7. d4 O-O 8. Bg2 f5 9. e5 Be7 10. f4 g6 11. Be3 Be6 12. Qe2 Ng7 13. c4 Qd7 14. Nc3 Bb4 15. d5 cxd5 16. cxd5 Bxd5 17. O-O-O c6 18. Nxd5 cxd5 19. Rxd5 Rac8+ 20. Kb1 Qa4 21. Rd4 Qa5 22. Rd7 b6 23. Rhd1 Kh8 24. Qd3 Ne6 25. Qd5 Qxd5 26. Bxd5 Nc7 27. Bb3 Rfe8 28. e6 Be7 29. Bd4+ Kg8 30. Be5 Na6 31. Rxa7 Nc5 32. Rdd7 Kf8 33. Rxe7 Rxe7 34. Bd6 Re8 35. Bd5 g5 36. Bc6 Kg7 37. Bxe7 Rc8 38. Bxc5+ Kg6 39. e7 bxc5 40. e8=Q+ Rxe8 41. Bxe8+ Kf6 42. Rf7+ Ke6 43. fxg5 f4 44. h4 fxg3 45. Rf3 g2 46. Rg3 Ke7 47. Bh5 g1=Q+ 48. Rxg1 c4 49. Rf1 Ke6 50. Bg4+ Ke5 51. h5 Kd4 52. g6 c3 53. gxh7 c2+ 54. Kxc2 Ke3 55. h8=Q Ke4 56. Qf6 Ke3 57. Qf3+ Kd4 58. Rd1+ Ke5 59. Qf5# 1-0


[Site "https://www.chess.com"]

[Event "Titled Tuesday Blitz May 31 Early 2022"]
[White "Vovk, Orest"]
[Black "Livaic, Leon"]
[WhiteFideId "14113490"]
[BlackFideId "14531534"]
[WhiteElo "2203"]
[BlackElo "2540"]
[Result "1-0"]
[Round "07"]
[TimeControl "180+1"]
[Date "2022.05.31"]
[WhiteClock "0:00:44"]
[BlackClock "0:00:15"]

1. h4 d5 2. h5 e5 3. h6 Nxh6 4. d4 Nf5 5. dxe5 Nc6 6. e4 dxe4 7. Qxd8+ Nxd8 8. Nc3 Bb4 9. Ne2 e3 10. f4 Ne6 11. g4 Nfd4 12. Nxd4 Nxd4 13. Bd3 Bxg4 14. Bxe3 O-O-O 15. Kf2 Bxc3 16. bxc3 Nf5 17. Bxa7 Rxd3 18. cxd3 b6 19. Rag1 Kb7 20. Rxg4 Kxa7 21. Rg5 g6 22. Rxf5 gxf5 23. Rh5 Rg8 24. Rxf5 Rg7 25. Rg5 Rg6 26. Rxg6 hxg6 27. Kf3 Kb7 28. Kg4 Kc6 29. Kg5 Kd7 30. Kf6 Ke8 31. e6 fxe6 32. Kxe6 1-0


[Site "https://www.chess.com"]

[Event "Titled Tuesday Blitz May 31 Early 2022"]
[White "Yaniuk, Volodymyr"]
[Black "Pakleza, Zbigniew"]
[WhiteFideId "14133083"]
[BlackFideId "1119290"]
[WhiteElo "2207"]
[BlackElo "2467"]
[Result "1-0"]
[Round "07"]
[TimeControl "180+1"]
[Date "2022.06.01"]
[WhiteClock "0:00:04"]
[BlackClock "0:00:02"]

1. d4 d6 2. Nf3 Bg4 3. c4 Nd7 4. Qb3 Rb8 5. h3 Bf5 6. Nc3 Ngf6 7. g4 Bg6 8. Bg2 c6 9. O-O e5 10. dxe5 dxe5 11. Bg5 Be7 12. Rfd1 Qc7 13. Rd2 O-O 14. Bh4 Rfe8 15. Bg3 Bf8 16. Nh4 Nc5 17. Qd1 a5 18. Nxg6 hxg6 19. Qc2 Rbd8 20. Rad1 Rxd2 21. Rxd2 Ne6 22. e3 Nd7 23. Ne4 Ndc5 24. a3 a4 25. Nc3 Qa5 26. Rd1 Ng5 27. h4 Nh7 28. Ne4 Nxe4 29. Bxe4 Nf6 30. Bf3 e4 31. Be2 Rd8 32. g5 Nh5 33. Rxd8 Qxd8 34. Bxh5 gxh5 35. Qxe4 Qd2 36. Qd4 Qc2 37. Kg2 Kh7 38. Kf3 b5 39. cxb5 cxb5 40. Qe4+ Qxe4+ 41. Kxe4 Kg6 42. f4 f5+ 43. Kd5 b4 44. axb4 Bxb4 45. e4 a3 46. bxa3 Bxa3 47. Ke6 fxe4 48. f5+ Kh7 49. Bf4 Bc5 50. Kd5 Bf2 51. Kxe4 Bxh4 52. Ke5 Be1 53. Ke6 h4 54. Kf7 Bg3 55. g6+ 1-0


[Site "https://www.chess.com"]

[Event "Titled Tuesday Blitz May 31 Early 2022"]
[White "Yilmaz, Mustafa"]
[Black "Bortnyk, Olexandr"]
[WhiteFideId "6302718"]
[BlackFideId "14120828"]
[WhiteElo "2568"]
[BlackElo "2723"]
[Result "1-0"]
[Round "07"]
[TimeControl "180+1"]
[Date "2022.05.31"]
[WhiteClock "0:00:24"]
[BlackClock "0:00:10"]

1. d4 d6 2. Nf3 Nf6 3. c4 g6 4. Nc3 Bf5 5. Nh4 Bd7 6. Nf3 Bf5 7. Nh4 Bd7 8. Nf3 c5 9. d5 Bg7 10. e4 O-O 11. Be2 Na6 12. O-O Nc7 13. a4 a6 14. h3 b5 15. axb5 axb5 16. Rxa8 Qxa8 17. e5 Nfe8 18. cxb5 dxe5 19. b6 Na6 20. Bg5 f6 21. Qa1 fxg5 22. Bxa6 Nd6 23. Nxg5 Rb8 24. Qa5 Nc4 25. Qa2 Nd6 26. b7 Qa7 27. Qa5 Rf8 28. Qc7 Bf6 29. Nge4 Nxe4 30. Nxe4 Bf5 31. Nxf6+ exf6 32. d6 Qxa6 33. b8=Q Rxb8 34. Qxb8+ Kg7 35. Qc7+ Kh6 36. d7 Bxd7 37. Qxd7 Qe2 38. Qd6 f5 39. Qxc5 f4 40. Qf8+ Kg5 41. Qd8+ Kh5 42. Qd1 Qxd1 43. Rxd1 e4 44. Rd5+ g5 45. b4 e3 46. fxe3 fxe3 47. b5 e2 48. Re5 Kh4 49. Rxe2 h5 50. Kh2 g4 51. g3+ Kg5 52. h4+ Kf5 53. b6 1-0


[Site "https://www.chess.com"]

[Event "Titled Tuesday Blitz May 31 Early 2022"]
[White "Yuan, Qingyu"]
[Black "Priasmoro, Novendra"]
[WhiteFideId "8609772"]
[BlackFideId "7105029"]
[WhiteElo "2359"]
[BlackElo "2309"]
[Result "0-1"]
[Round "07"]
[TimeControl "180+1"]
[Date "2022.05.31"]
[WhiteClock "0:00:01"]
[BlackClock "0:00:03"]

1. e4 e5 2. Nf3 Nc6 3. Bc4 Nf6 4. d3 Be7 5. O-O O-O 6. Re1 d6 7. a3 Kh8 8. Nc3 Ng8 9. d4 Bg4 10. dxe5 Nxe5 11. Be2 Bxf3 12. Bxf3 Bg5 13. Be2 Bxc1 14. Qxc1 f5 15. f4 Ng6 16. exf5 Rxf5 17. Bd3 Rf8 18. g3 Nf6 19. Qd2 d5 20. Bxg6 hxg6 21. Qd3 Kh7 22. Re5 c6 23. Rae1 Qb6+ 24. Kg2 Ng4 25. Rh5+ Kg8 26. Qxg6 Qf2+ 27. Kh3 Qxe1 28. Kxg4 Rf6 29. Qh7+ Kf7 30. Rg5 Rg8 31. Re5 Qf2 32. Qh5+ g6 33. Qh7+ Rg7 34. Re7+ Kxe7 35. Qxg7+ Rf7 36. Qe5+ Kd7 37. Qb8 Qb6 38. Na4 Qb5 39. b3 Qe2+ 40. Kg5 Qh5# 0-1


[Site "https://www.chess.com"]

[Event "Titled Tuesday Blitz May 31 Early 2022"]
[White "Zhigalko, Sergei"]
[Black "Xu, Yi"]
[WhiteFideId "13502956"]
[BlackFideId "8605564"]
[WhiteElo "2662"]
[BlackElo "2471"]
[Result "1-0"]
[Round "07"]
[TimeControl "180+1"]
[Date "2022.05.31"]
[WhiteClock "0:01:26"]
[BlackClock "0:01:22"]

1. e4 c5 2. c3 Nf6 3. e5 Nd5 4. Nf3 Nc6 5. Bc4 Nb6 6. Bb3 d5 7. exd6 Qxd6 8. O-O Bg4 9. Bxf7+ Kxf7 10. Ng5+ Ke8 11. Qxg4 Ne5 12. Qe4 h6 13. d4 cxd4 14. cxd4 Ng4 15. Nf3 h5 16. h3 Nf6 17. Qg6+ Kd8 18. Ng5 1-0


[Site "https://www.chess.com"]

[Event "Titled Tuesday Blitz May 31 Early 2022"]
[White "Agasarov, Benik"]
[Black "Riehle, Marco"]
[WhiteFideId "13314823"]
[BlackFideId "12904392"]
[WhiteElo "2597"]
[BlackElo "2462"]
[Result "1-0"]
[Round "08"]
[TimeControl "180+1"]
[Date "2022.06.01"]
[WhiteClock "0:00:10"]
[BlackClock "0:00:15"]

1. d4 e6 2. c4 d5 3. Nc3 c5 4. cxd5 cxd4 5. Qxd4 Nc6 6. Qd1 exd5 7. Qxd5 Be6 8. Qb5 a6 9. Qa4 b5 10. Qe4 Rc8 11. Nf3 Nf6 12. Qb1 b4 13. Nd1 Qd7 14. Ne3 Bc5 15. g3 b3 16. axb3 O-O 17. Bg2 Bb4+ 18. Bd2 Bxd2+ 19. Nxd2 Nd4 20. Ndc4 Nxb3 21. Ra3 Qb5 22. Qd3 Nc1 23. Qd2 Nxe2 24. Qxe2 Bxc4 25. Nxc4 Rfe8 26. Re3 Rxe3 27. Nxe3 Rc1+ 28. Nd1 Qb4+ 29. Qd2 Qe7+ 30. Qe3 Qb4+ 31. Qd2 Qe7+ 32. Kf1 Rc8 33. Bf3 Rd8 34. Qe2 Qd7 35. Kg2 Re8 36. Ne3 g5 37. Qxa6 Kg7 38. Bc6 Qe6 39. Qc4 Qxc4 40. Nxc4 Re2 41. Bf3 Rc2 42. b3 g4 43. Bd1 Rc1 44. Ne3 h5 45. Nf5+ Kf8 46. Nd4 Rc3 47. Bc2 Nd5 48. Rd1 Nb4 49. Rd2 Kg7 50. Be4 Kf6 51. Re2 Kg7 52. Nf5+ Kf6 53. Ne3 Rc1 54. Nd5+ Nxd5 55. Bxd5 Rb1 56. Bc4 Kg5 57. Re5+ f5 58. Be6 Kf6 59. Bxf5 Rxb3 60. Rc5 Rb4 61. Bd3 h4 62. gxh4 Rd4 63. Be2 Re4 64. Kf1 Rb4 65. Rc4 Rb1+ 66. Kg2 Rb2 67. Bxg4 Kg7 68. Rf4 Kh6 69. Kg3 Rb3+ 70. Bf3 Rb8 71. Rf6+ Kg7 72. Rf5 Kh7 73. h5 Kh6 74. Rf6+ Kg5 75. Rg6+ Kf5 76. Bg4+ Ke5 77. f4+ Ke4 78. Re6+ Kd5 79. Re5+ Kd6 80. Kh4 Rh8 81. Bf5 Rf8 82. Kg5 Rg8+ 83. Bg6 Rb8 84. h6 Rb2 85. h7 Rxh2 86. Kf6 Rh4 87. Rh5 Rxf4+ 88. Kg5 Rb4 89. h8=Q Rb6 90. Qf6+ Kc7 91. Rh7+ Kc8 92. Qf8# 1-0


[Site "https://www.chess.com"]

[Event "Titled Tuesday Blitz May 31 Early 2022"]
[White "Agibileg, Uurtsaikh"]
[Black "Stepanencu, Nicodim-Cosmin"]
[WhiteFideId "4901606"]
[BlackFideId "1256220"]
[WhiteElo "2205"]
[BlackElo "1945"]
[Result "1-0"]
[Round "08"]
[TimeControl "180+1"]
[Date "2022.05.31"]
[WhiteClock "0:00:27"]
[BlackClock "0:00:03"]

1. d4 Nf6 2. c4 e6 3. Nc3 d5 4. cxd5 exd5 5. Bg5 c6 6. e3 h6 7. Bh4 Bd6 8. Bd3 Nbd7 9. Nge2 O-O 10. O-O Re8 11. Kh1 Nf8 12. Qd2 Bc7 13. f3 Ng6 14. Bf2 b5 15. Qc2 Nf8 16. e4 b4 17. Na4 dxe4 18. fxe4 Ng4 19. h3 Nxf2+ 20. Rxf2 Qd6 21. e5 Qe7 22. Qxc6 Rb8 23. Nc5 Ne6 24. Raf1 Nxc5 25. Rxf7 Nxd3 26. Rxe7 Rxe7 27. Qc4+ Be6 28. Qxd3 Rd8 29. Nf4 Bf7 30. Qe4 Bxa2 31. Ng6 Red7 32. e6 Rxd4 33. Qb7 Rc4 34. e7 Rb8 35. Qxb8+ Bxb8 36. e8=Q+ Kh7 37. Nf8+ 1-0


[Site "https://www.chess.com"]

[Event "Titled Tuesday Blitz May 31 Early 2022"]
[White "Andreikin, Dmitry"]
[Black "Jobava, Baadur"]
[WhiteFideId "4158814"]
[BlackFideId "13601520"]
[WhiteElo "2736"]
[BlackElo "2617"]
[Result "1/2-1/2"]
[Round "08"]
[TimeControl "180+1"]
[Date "2022.05.31"]
[WhiteClock "0:00:11"]
[BlackClock "0:00:07"]

1. d4 c6 2. Nf3 d5 3. Bf4 Nf6 4. e3 Bg4 5. c4 e6 6. Qb3 Qb6 7. c5 Qxb3 8. axb3 Bxf3 9. gxf3 Nbd7 10. b4 Nh5 11. Bg3 Nxg3 12. hxg3 e5 13. b5 g6 14. Nd2 Bg7 15. Nb3 exd4 16. exd4 O-O 17. Kd2 Rfc8 18. Bd3 Nf8 19. f4 Ne6 20. Ra4 b6 21. f5 gxf5 22. bxc6 bxc5 23. Bxf5 Rxc6 24. dxc5 Rb8 25. Bxh7+ Kf8 26. Bc2 Nxc5 27. Nxc5 Rxc5 28. b3 a5 29. Rh5 Ke7 30. Bd1 Bc3+ 31. Kd3 Bb4 32. Ra2 Rc1 33. Bf3 Rc3+ 34. Ke2 d4 35. Rd5 Rd8 36. Rxd8 Kxd8 37. Rd2 Bc5 38. Rd3 Rc2+ 39. Rd2 Rc3 40. Rd3 Ke7 41. Bd5 Rc2+ 42. Rd2 Rc3 43. Rd3 f6 44. f4 Kd6 45. Be4 Rc2+ 46. Rd2 Rc1 47. Rd1 Rxd1 48. Kxd1 Bb4 49. Ke2 Bc3 50. g4 Bb4 51. Kd3 Bc3 52. Kc4 Ke7 53. g5 fxg5 54. fxg5 Kf8 55. g6 Kg7 56. Bd3 Kf8 57. Kd5 Kg7 58. Ke5 Bb2 59. Ke6 Bc3 60. Kf5 Bb2 61. Ke6 Bc3 62. Kf5 Bb2 63. Ke6 1/2-1/2


[Site "https://www.chess.com"]

[Event "Titled Tuesday Blitz May 31 Early 2022"]
[White "Aradhya, Garg"]
[Black "Ambartsumova, Karina"]
[WhiteFideId "25006746"]
[BlackFideId "4166299"]
[WhiteElo "2169"]
[BlackElo "2262"]
[Result "1-0"]
[Round "08"]
[TimeControl "180+1"]
[Date "2022.06.01"]
[WhiteClock "0:01:05"]
[BlackClock "0:00:09"]

1. d4 Nf6 2. Nf3 g6 3. g3 Bg7 4. Bg2 O-O 5. O-O d6 6. Nc3 Nbd7 7. a4 e5 8. dxe5 dxe5 9. a5 c6 10. Be3 Qc7 11. Qd3 Re8 12. Nd2 Bf8 13. Nde4 Nxe4 14. Nxe4 f5 15. Qc4+ Kg7 16. Nc5 Nxc5 17. Bxc5 Bxc5 18. Qxc5 a6 19. Rfd1 Be6 20. Rd6 Bf7 21. Rad1 Re7 22. e4 fxe4 23. Bxe4 Rf8 24. b4 Be8 25. Rd8 Bd7 26. Rxf8 Kxf8 27. Rd6 Kg7 28. Rxg6+ hxg6 29. Qxe7+ Kg8 30. Bxg6 1-0


[Site "https://www.chess.com"]

[Event "Titled Tuesday Blitz May 31 Early 2022"]
[White "Atakhan, Abtin"]
[Black "Yuan, Qingyu"]
[WhiteFideId "22502203"]
[BlackFideId "8609772"]
[WhiteElo "2094"]
[BlackElo "2359"]
[Result "1-0"]
[Round "08"]
[TimeControl "180+1"]
[Date "2022.05.31"]
[WhiteClock "0:00:17"]
[BlackClock "0:00:04"]

1. Nf3 d5 2. e3 Nf6 3. c4 e6 4. Nc3 Nbd7 5. b3 Bd6 6. Bb2 O-O 7. Qc2 a6 8. Be2 Re8 9. O-O b6 10. d4 Bb7 11. Rac1 Rc8 12. Bd3 dxc4 13. Bxc4 Bxf3 14. gxf3 Nd5 15. f4 Nxc3 16. Bxc3 b5 17. Bd3 Qh4 18. Qe2 g5 19. f3 gxf4 20. e4 e5 21. Kh1 Kh8 22. a4 b4 23. Be1 Qf6 24. Bxa6 Rcd8 25. d5 Rg8 26. Bb5 Nc5 27. Bc4 Nd7 28. Bf2 Rg6 29. Bb5 Nf8 30. a5 h6 31. a6 Nh7 32. a7 Ng5 33. Bd7 Rgg8 34. Bf5 Ra8 35. Ra1 Qe7 36. Rg1 Bc5 37. Qa6 Kg7 38. Bxc5 Qxc5 39. Rg2 Rh8 40. h4 f6 41. Qc6 Qxc6 42. dxc6 Kf7 43. hxg5 hxg5+ 44. Rh2 Rxh2+ 45. Kxh2 Ke7 46. Bc8 Rxc8 47. a8=Q Rxa8 48. Rxa8 Kd6 49. Rf8 Kxc6 50. Rxf6+ Kc5 51. Rf5 Kd4 52. Rxg5 c5 53. Rg8 c4 54. bxc4 Kxc4 55. Rb8 b3 56. Kh3 Kc3 57. Kg4 b2 58. Kf5 Kc2 59. Kxe5 Kd3 60. Kxf4 b1=Q 61. Rxb1 1-0


[Site "https://www.chess.com"]

[Event "Titled Tuesday Blitz May 31 Early 2022"]
[White "Bachmann, Axel"]
[Black "Donchenko, Alexander"]
[WhiteFideId "3700488"]
[BlackFideId "24603295"]
[WhiteElo "2587"]
[BlackElo "2572"]
[Result "1-0"]
[Round "08"]
[TimeControl "180+1"]
[Date "2022.05.31"]
[WhiteClock "0:00:16"]
[BlackClock "0:00:04"]

1. e4 c5 2. Nf3 d6 3. c3 Nf6 4. h3 g6 5. Be2 Bg7 6. O-O O-O 7. d3 Nc6 8. Nbd2 e5 9. a4 d5 10. Re1 h6 11. Bf1 d4 12. Nc4 Qc7 13. cxd4 cxd4 14. Bd2 Be6 15. Rc1 Nd7 16. b4 Qb8 17. b5 Ne7 18. Bb4 Re8 19. Bd6 Qd8 20. Ncxe5 Nxe5 21. Bxe5 Bxe5 22. Nxe5 Qa5 23. Nf3 Red8 24. Qd2 Qxd2 25. Nxd2 a6 26. Rc7 Rd7 27. Rec1 axb5 28. axb5 Ra2 29. Nf3 Kf8 30. Rxd7 Bxd7 31. Nxd4 Ke8 32. Rc7 Kd8 33. b6 Bc8 34. Nb3 Rb2 35. Rc3 Nc6 36. d4 Rb1 37. d5 Nb4 38. f3 Na2 39. Re3 Bd7 40. Kf2 Rb2+ 41. Kg3 g5 42. h4 f5 43. exf5 Bxf5 44. hxg5 hxg5 45. Nd4 Bd7 46. Ne6+ Kc8 47. Nxg5 Rxb6 48. Ne4 Rg6+ 49. Kf2 b5 50. Rb3 Rb6 51. Rb2 Ra6 52. Bxb5 Bxb5 53. Rxb5 Kd8 54. d6 Nc1 55. Rb8+ Kd7 56. Rb7+ Kc6 57. Rc7+ Kb6 58. Rxc1 Ra2+ 59. Kg3 1-0


[Site "https://www.chess.com"]

[Event "Titled Tuesday Blitz May 31 Early 2022"]
[White "Barp, Alberto"]
[Black "Nasir, Zehn"]
[WhiteFideId "872555"]
[BlackFideId "2613239"]
[WhiteElo "2229"]
[BlackElo "1993"]
[Result "1-0"]
[Round "08"]
[TimeControl "180+1"]
[Date "2022.06.01"]
[WhiteClock "0:00:28"]
[BlackClock "0:00:17"]

1. d4 Nf6 2. Nf3 d5 3. Bf4 c5 4. e3 Nc6 5. Nbd2 Qb6 6. dxc5 Qxc5 7. c4 e6 8. a3 Be7 9. b4 Qb6 10. Be2 O-O 11. O-O dxc4 12. Nxc4 Qd8 13. b5 Na5 14. Qxd8 Bxd8 15. Bd6 Re8 16. Rac1 Nxc4 17. Bxc4 Bd7 18. Ne5 Bb6 19. Rfd1 Rad8 20. Bf1 Bc8 21. Nc4 Nd5 22. Nxb6 Nxb6 23. Bc7 Rxd1 24. Rxd1 Nd5 25. Bg3 f6 26. Bc4 Nb6 27. Bb3 Bd7 28. a4 Rc8 29. a5 Nd5 30. e4 Rc3 31. Rb1 Nb4 32. Bd6 Nd3 33. h4 Rc1+ 34. Rxc1 Nxc1 35. Bc4 a6 36. bxa6 bxa6 37. Ba3 Bc6 38. Bxc1 Bxe4 39. Bxa6 Kf7 40. Bf1 Ke7 41. a6 Kd7 42. a7 Kc7 43. Be3 Kb7 44. g4 h6 45. Bg2 Bxg2 46. Kxg2 g5 47. h5 f5 48. f3 Ka8 49. Kf1 Kb7 50. Ke2 Ka8 51. Kd3 f4 52. Bf2 Kb7 53. Ke4 e5 54. Kxe5 Ka8 55. Kf6 Kb7 56. Kg7 Ka8 57. Kxh6 Kb7 58. Kxg5 Ka8 59. Kxf4 Kb7 60. h6 Ka8 61. h7 Kb7 62. Bd4 Ka8 63. h8=Q+ Kb7 64. a8=Q+ Kc7 65. Qhd8# 1-0


[Site "https://www.chess.com"]